 Dungeon Sprint DCSS version 0.13-a0-2640-geebf78d (webtiles) character file.

0 Kae the Skirmisher (level 2, -4/27 HPs)
             Began as a Minotaur Berserker on Aug 6, 2013.
             Was a Priest of Trog.
             Slain by Sigmund
             ... wielding a +2,+2 scythe
              (5 damage)
             ... in the Dungeon (Sprint VI: "Thunderdome").
             The game lasted 00:01:15 (137 turns).

Kae the Skirmisher (Minotaur Berserker)              Turns: 137, Time: 00:01:15

HP  -4/27        AC  4     Str 20      XL: 2   Next: 68%
MP   0/0         EV 11     Int  4      God: Trog [***...]
Gold 3           SH  0     Dex  4      Spells:  0 memorised,  1 level left

Res.Fire  : . . .   See Invis. : .   a - +0 mace
Res.Cold  : . . .   Warding    : .   b - +0 animal skin
Life Prot.: . . .   Conserve   : .   (no shield)
Res.Poison: .       Res.Corr.  : .   (helmet restricted)
Res.Elec. : .       Clarity    : .   (no cloak)
Sust.Abil.: . .     Spirit.Shd : .   n - +1 pair of gloves of Purpose {Str-1 Dex-5}
Res.Mut.  : .       Prev.Telep.: +   (no boots)
Res.Rott. : .       Flight     : .   (no amulet)
Saprovore : . . .                    (no ring)
                                     (no ring)

@: confused, not resistant to hostile enchantments, extremely unstealthy
A: retaliatory headbutt, horns 2
a: Burn Spellbooks, Berserk, Trog's Hand, Renounce Religion


You were in the Dungeon.
You worshipped Trog.
Trog was greatly pleased with you.
You were not hungry.

You visited 1 branch You collected 200 gold pieces.
You spent 217 gold pieces at shops.

Inventory:

Hand weapons
 a - a +0,+0 mace (weapon)
Armour
 b - a +0 animal skin (worn)
 n - the cursed +1 pair of gloves of Purpose (worn) {Str-1 Dex-5}
   (You bought it in a shop in the Dungeon)

   It affects your strength (-1).
   It affects your dexterity (-5).
   It has a curse placed upon it.
Magical devices
 k - a wand of cold (5)
 l - a wand of fire (5)
Comestibles
 c - a bread ration
Scrolls
 i - 4 scrolls of blinking
 m - 3 scrolls of fog
Potions
 d - a potion of curing
 e - 4 potions of heal wounds
 f - 4 potions of speed
 g - 2 potions of magic
 h - a potion of berserk rage
 j - a potion of resistance


   Skills:
 + Level 5.5 Fighting
 + Level 5.3 Maces & Flails
 + Level 3.2 Armour
 + Level 3.0 Dodging


You had one spell level left.
You didn't know any spells.

Dungeon Overview and Level Annotations

Branches:
Dungeon (1/1)

Altars:
Cheibriados
Elyvilon
Fedhas
Kikubaaqudgha
Makhleb
Nemelex Xobeh
Okawaru
Sif Muna
Trog
Vehumet
Xom
Yredelemnul
Zin
the Shining One
Jiyva
Lugonu

Shops:
D: *[%??*?*+[((!!!!

Annotations
D Sigmund


Innate Abilities, Weirdness & Mutations

You reflexively headbutt those who attack you in melee.
You have a pair of horns on your head.


Message History

Trog accepts your kill.
Your Dodging skill increases to level 3! 50...
Sigmund gestures at you while chanting. The puff of flame misses you.
Sigmund points at you and mumbles some strange words.
You are more confused.
Sigmund misses you.
Sigmund hits you from afar with a scythe.
There is an entrance to Moas' Miscellaneous Merchandise here.
Ouch! Sigmund casts a spell at you. The puff of flame hits you!
* * * LOW HITPOINT WARNING * * *
Ouch! Sigmund gestures wildly while chanting.
Sigmund flickers and vanishes!
Deactivating autopickup; reactivate with Ctrl-A.
It hits you.
You die...

######.8.........8.######
#⌠...........⌠#
###...).....###
#.........# #_......._#
#_......._# #∩...)...∩#
##∩.....∩## ##@....##
##⌠⌠⌠## #####


There were no monsters in sight!

Vanquished Creatures
  Jessica (D)
  An orc (D)
  A bat (D)
  2 rats (D)
5 creatures vanquished.

Notes
Turn   | Place    | Note
--------------------------------------------------------------
     0 | D        | Kae, the Minotaur Berserker, began the quest for the Orb.
     0 | D        | Reached XP level 1. HP: 19/19 MP: 0/0
     3 | D        | Found a sparkling altar of Nemelex Xobeh.
     3 | D        | Found a basalt altar of Yredelemnul.
     4 | D        | Found a glowing golden altar of the Shining One.
     4 | D        | Found a snail-covered altar of Cheibriados.
     5 | D        | Found Xuxosov's Bee Food.
     5 | D        | Found Liotiy's Jewellery.
     5 | D        | Found a bloodstained altar of Trog.
     5 | D        | Round 1.
     6 | D        | Found a glowing silver altar of Zin.
     7 | D        | Found Klismucwaics' Advanced Armour.
     7 | D        | Found Soohud's Identification Station.
    22 | D        | Bought a pair of distressingly furry gloves for 217 gold pieces
    25 | D        | Identified the cursed +1 pair of gloves of Purpose {Str-1 Dex-5} (You bought it in a shop in the Dungeon)
    30 | D        | Noticed Jessica
    31 | D        | Found an ancient bone altar of Kikubaaqudgha.
    31 | D        | Found a blossoming altar of Fedhas.
    31 | D        | Found Khyhagat's Premium Goods.
    31 | D        | Found Moas' Miscellaneous Merchandise.
    33 | D        | Reached skill level 4 in Fighting
    36 | D        | Found a corrupted altar of Lugonu.
    36 | D        | Found a shimmering altar of Xom.
    36 | D        | Found Steot's Weapon Rack.
    36 | D        | Found Wyali's Basic Armour.
    38 | D        | Killed Jessica
    38 | D        | Acquired Trog's second power
    38 | D        | Reached skill level 5 in Fighting
    38 | D        | Reached skill level 5 in Maces & Flails
    38 | D        | Reached XP level 2. HP: 19/27 MP: 0/0
    67 | D        | Found Yfaskuv's Bottled Wisdom.
    67 | D        | Found a radiant altar of Vehumet.
    67 | D        | Found a burning altar of Makhleb.
    67 | D        | Found Zaequx's Do-It-Yourself Clinic.
    69 | D        | Found a viscous altar of Jiyva.
    69 | D        | Found a deep blue altar of Sif Muna.
    69 | D        | Found Riylinad's Distillery.
    69 | D        | Found Ypolaf's Distillery.
    98 | D        | Found an iron altar of Okawaru.
   100 | D        | Found Twaot's Must-Have Magic.
   100 | D        | Found Daokurr's Staff Store.
   100 | D        | Found a white marble altar of Elyvilon.
   102 | D        | Found Bafieci's Magic Scroll Shop.
   102 | D        | Found Tasono Resi's Magic Scroll Shop.
   124 | D        | Noticed Sigmund
   135 | D        | HP: 1/27 [Sigmund/puff of flame (10)]
   137 | D        | Slain by Sigmund

Action                   || total
-------------------------++-------
Melee: Mace              ||     7
